 Dungeon Crawl Stone Soup version 0.28.0-43-g3370ac3207 (webtiles) character file.

Game seed: 5143825875570118767

115 Ablot the Grasshopper (level 5, 0/43 HPs)
             Began as a Gnoll Warper on Mar 25, 2022.
             Slain by an orc
             ... wielding a +0 whip
              (1 damage)
             ... on level 3 of the Dungeon.
             The game lasted 00:03:54 (2978 turns).

Ablot the Grasshopper (Gnoll Warper)                Turns: 2978, Time: 00:03:55

Health: 0/43       AC:  3    Str: 12    XL:     5   Next: 0%
Magic:  12/12      EV: 12    Int: 13    God:
Gold:   18         SH:  0    Dex: 11    Spells: 12/14 levels left

rFire   . . .      SeeInvis .   a - +0 spear
rCold   . . .      Faith    .   (no shield)
rNeg    . . .      Spirit   .   b - +0 leather armour
rPois   .          Reflect  .   (no helmet)
rElec   .          Harm     .   (no cloak)
rCorr   .          Rampage  .   (no gloves)
Will    .....                   (no boots)
Stlth   +.........              (no amulet)
HPRegen 0.14/turn               (no ring)
MPRegen 0.13/turn               (no ring)

@: no status effects
A: fangs 1, strong nose, distributed training, evolution 1
a: no special abilities


You were on level 3 of the Dungeon.
You visited 1 branch of the dungeon, and saw 3 of its levels.

You collected 84 gold pieces.
You spent 66 gold pieces at shops.

Inventory:

Hand Weapons
 a - a +0 spear (weapon)
Missiles
 d - 5 boomerangs of dispersal (quivered)
 e - 68 stones
 g - 40 arrows
 m - 28 sling bullets
 o - 25 bolts
 q - 4 javelins
Armour
 b - a +0 leather armour (worn)
Jewellery
 l - an amulet of faith
Scrolls
 c - a scroll of blinking
 f - 4 scrolls of teleportation {unknown}
 i - 2 scrolls of identify {unknown}
 k - 2 scrolls of noise {unknown}
 p - a scroll of enchant armour {unknown}
 r - a scroll of summoning {unknown}
 s - a scroll of holy word {unknown}
 t - 2 scrolls of vulnerability {unknown}
Potions
 h - 2 potions of curing {unknown}
 j - a potion of heal wounds {unknown}
 n - a potion of mutation
 u - a potion of berserk rage {unknown}


   Skills:
 + Level 4.7 Fighting
 + Level 1.3 Short Blades
 + Level 1.3 Long Blades
 + Level 1.3 Axes
 + Level 1.3 Maces & Flails
 + Level 4.7 Polearms
 + Level 1.3 Staves
 + Level 1.3 Slings
 + Level 1.3 Bows
 + Level 1.3 Crossbows
 + Level 2.8 Throwing
 + Level 2.8 Armour
 + Level 4.7 Dodging
 + Level 1.3 Stealth
 + Level 1.3 Shields
 + Level 1.3 Unarmed Combat
 + Level 5.1 Spellcasting
 + Level 1.0 Conjurations
 + Level 1.0 Hexes
 + Level 1.0 Summonings
 + Level 1.0 Necromancy
 + Level 5.5 Translocations
 + Level 1.0 Transmutations
 + Level 1.0 Fire Magic
 + Level 1.0 Ice Magic
 + Level 1.0 Air Magic
 + Level 1.0 Earth Magic
 + Level 1.0 Poison Magic
 + Level 1.4 Invocations
 + Level 1.3 Evocations


You had 12 spell levels left.
You knew the following spells:

 Your Spells              Type           Power      Damage    Failure   Level
a - Blink                 Tloc           34%        N/A       3%          2

Your spell library contained the following spells:

 Spells                   Type           Power      Damage    Failure   Level
 Gell's Gravitas          Tloc           17%        N/A       8%          3
 Lesser Beckoning         Tloc           17%        N/A       8%          3
 Teleport Other           Tloc           17%        N/A       8%          3
 Manifold Assault         Tloc           17%        N/A       56%         5
 Dispersal                Tloc           8%         N/A       98%         6


Dungeon Overview and Level Annotations

Branches:
Dungeon (3/15)

Altars:
Gozag
The Shining One

Shops:
D:2 (   D:3 **(


Innate Abilities, Weirdness & Mutations

You have very sharp teeth.
Your uncanny sense of smell can sniff out nearby items.
Your experience applies equally to all skills.
You have hidden genetic potential.


Message History

You are too injured to fight recklessly!
You are too injured to fight recklessly!
You are too injured to fight recklessly!
You are too injured to fight recklessly!
You are too injured to fight recklessly!
You are too injured to fight recklessly!
You are too injured to fight recklessly!
You are too injured to fight recklessly!
You are too injured to fight recklessly!
You are too injured to fight recklessly!
You are too injured to fight recklessly!
You are too injured to fight recklessly!
You are too injured to fight recklessly!
You are too injured to fight recklessly!
You hit the orc priest.
The orc priest is moderately wounded.
The orc priest hits you with a +0 flail.
You hit the orc priest.
The orc priest is moderately wounded.
You closely miss the orc.
Unknown command.
You hit the orc.
The orc is lightly wounded.
The orc closely misses you.
You hit the orc.
The orc is lightly wounded.
The orc hits you with a +0 whip.
* * * LOW HITPOINT WARNING * * *
You barely miss the orc.
The orc is lightly wounded.
An orc wizard comes into view. It is wielding a +0 dagger.
The orc priest mumbles some strange prayers to Beogh against you.
Beogh smites you!
* * * LOW HITPOINT WARNING * * *
The orc barely misses you.
You hear a shout!
It was a potion of mutation.
You feel extremely strange.
You feel a hidden potential growing inside you.
The orc hits you with a +0 whip.
You die...

.####.#...#.####...
## #.#...#.# #.
#.#...#.# #.#...#.#
#.#...#.# #.......#
## ##.....### .. ###
#.......#####.# ..#
##..........@oo#
#.###......#.#####o#
.....###...#.# #
#.####∩#...#[# ..#
#'###.#.# ### #.#
#...# ### #.###.###
..# #.....# #.#
#.....#


You could see an orc priest, an orc wizard and an orc.

Vanquished Creatures
  2 hounds
  An adder (D:3)
  A worm (D:2)
  2 dart slugs
  5 ball pythons (D:1)
  4 endoplasms
  5 giant cockroaches
  A goblin (D:3)
  5 hobgoblins
  5 kobolds
  4 bats
  2 frilled lizards
  4 rats
41 creatures vanquished.

Notes
Turn   | Place    | Note
-------+----------+-------------------------------------------
     0 | D:1      | Ablot the Gnoll Warper began the quest for the Orb.
     0 | D:1      | Reached XP level 1. HP: 20/20 MP: 6/6
   202 | D:1      | Reached XP level 2. HP: 26/26 MP: 7/7
   205 | D:1      | Learned a level 2 spell: Blink
  1234 | D:1      | Found a faded altar of an unknown god.
  1435 | D:2      | Reached XP level 3. HP: 17/31 MP: 9/9
  1608 | D:2      | Reached skill level 5 in Spellcasting
  1722 | D:2      | Reached skill level 1 in Short Blades
  1722 | D:2      | Reached skill level 1 in Long Blades
  1722 | D:2      | Reached skill level 1 in Axes
  1722 | D:2      | Reached skill level 1 in Maces & Flails
  1722 | D:2      | Reached skill level 1 in Staves
  1722 | D:2      | Reached skill level 1 in Slings
  1722 | D:2      | Reached skill level 1 in Bows
  1722 | D:2      | Reached skill level 1 in Crossbows
  1722 | D:2      | Reached skill level 1 in Stealth
  1722 | D:2      | Reached skill level 1 in Shields
  1722 | D:2      | Reached skill level 1 in Unarmed Combat
  1722 | D:2      | Reached skill level 1 in Invocations
  1722 | D:2      | Reached skill level 1 in Evocations
  1722 | D:2      | Reached XP level 4. HP: 9/38 MP: 11/11
  2012 | D:2      | Found Ocesann's Antique Weapon Shop.
  2196 | D:3      | Found Zoghae's Assorted Antiques.
  2281 | D:3      | Found Beuth's Antique Weapon Emporium.
  2339 | D:3      | Bought a red potion for 20 gold pieces
  2339 | D:3      | Bought a scroll labelled HYMULE GUTWID for 23 gold pieces
  2339 | D:3      | Bought a scroll labelled OMALIYMEED for 23 gold pieces
  2384 | D:3      | Found a glowing golden altar of the Shining One.
  2386 | D:3      | Found an opulent altar of Gozag.
  2415 | D:3      | Reached skill level 1 in Conjurations
  2415 | D:3      | Reached skill level 1 in Hexes
  2415 | D:3      | Reached skill level 1 in Summonings
  2415 | D:3      | Reached skill level 1 in Necromancy
  2415 | D:3      | Reached skill level 1 in Transmutations
  2415 | D:3      | Reached skill level 1 in Fire Magic
  2415 | D:3      | Reached skill level 1 in Ice Magic
  2415 | D:3      | Reached skill level 1 in Air Magic
  2415 | D:3      | Reached skill level 1 in Earth Magic
  2415 | D:3      | Reached skill level 1 in Poison Magic
  2866 | D:3      | Found Dexer's General Store.
  2970 | D:3      | Reached XP level 5. HP: 38/43 MP: 12/12
  2977 | D:3      | HP: 1/43 [orc priest/divine providence (10)]
  2978 | D:3      | Gained mutation: You have hidden genetic potential. [potion
                  | of mutation]
  2978 | D:3      | Slain by an orc

Illustrated notes

Levels and vault maps discovered:
D:1:      mrwooster_arrival_statue, layout_basic,
          dreamdust_ecumenical_altar_hidden_monk_grotto,
          chequers_serial_rivers_room_a
D:2:      layout_rooms, serial_shops, nicolae_shop_behind_doors
D:3:      layout_loops_cross, mainiacjoe_overflow_catwalk_spiral, serial_shops,
          nicolae_shop_window_shopping, shop_statue,
          nicolae_shop_window_shopping, nicolae_shop_stone

Skill      XL: |  1  2  3  4 |
---------------+-------------+-----
Spellcasting   | 5 |  5.1
Short Blades   | 1 |  1.3
Long Blades    | 1 |  1.3
Axes           | 1 |  1.3
Maces & Flails | 1 |  1.3
Staves         | 1 |  1.3
Slings         | 1 |  1.3
Bows           | 1 |  1.3
Crossbows      | 1 |  1.3
Stealth        | 1 |  1.3
Shields        | 1 |  1.3
Unarmed Combat | 1 |  1.3
Invocations    | 1 |  1.4
Evocations     | 1 |  1.3
Conjurations   | 1 |  1.0
Hexes          | 1 |  1.0
Summonings     | 1 |  1.0
Necromancy     | 1 |  1.0
Transmutations | 1 |  1.0
Fire Magic     | 1 |  1.0
Ice Magic      | 1 |  1.0
Air Magic      | 1 |  1.0
Earth Magic    | 1 |  1.0
Poison Magic   | 1 |  1.0
Fighting       | |  4.7
Polearms       | |  4.7
Throwing       | |  2.8
Armour         | |  2.8
Dodging        | |  4.7
Translocations | |  5.5

Action                   |  1- 3 |  4- 6 || total
-------------------------+-------+-------++-------
Melee: Spear             |   104 |    70 ||   174
       Bite              |     7 |     1 ||     8
       Punch             |     2 |     1 ||     3
  Use: Potion            |       |     1 ||     1
 Stab: Sleeping          |     1 |     3 ||     4
Armor: Leather armour    |    17 |     8 ||    25
Dodge: Dodged            |    50 |    30 ||    80
